 Dungeon Crawl Stone Soup version 0.21.0-24-g2553a33 (webtiles) character file.

694185 emikaela the Sorcerer (level 27, -3/132 HPs)
             Began as a Spriggan Air Elementalist on Jan 18, 2018.
             Was an Elder of Sif Muna.
             Killed from afar by an orb of fire (22 damage)
             ... with a fireball
             ... on level 5 of the Realm of Zot on Jan 20, 2018.
             The game lasted 10:15:47 (108446 turns).

emikaela the Sorcerer (Spriggan Air Elementalist) Turns: 108446, Time: 10:15:47

Health: -3/132     AC: 12    Str:  5    XL:     27
Magic:  0/40       EV: 37    Int: 28    God:    Sif Muna [****..]
Gold:   1293       SH: 12    Dex: 23    Spells: 2/70 levels left

rFire    + . .     SeeInvis +   a - +5 hunting sling of Accidental Termination {flame, MR++}
rCold    + . .     Gourm    .   o - +3 buckler {rC+}
rNeg     . . .     Faith    .   v - +2 robe {Archmagi}
rPois    .         Spirit   +   d - +2 hat {Int+3}
rElec    .         Reflect  .   f - scarf {Spirit}
rCorr    .         Harm     .   (gloves unavailable)
MR       +++++                  (boots unavailable)
Stlth    +++++++++.             g - amulet "Kemad" {RegenMP Stlth+}
HPRegen  0.32/turn              N - +5 ring of protection
MPRegen  0.52/turn              t - ring "Gouhei Xina" {Wiz rF+ Dex+3}

@: death channel, very slightly contaminated, hasted, invisible (expiring),
divine energy, deflect missiles, very quick
A: very small, unfitting armour, hooves 1, rugged brown scales 1, see invisible,
herbivore, speed 3, frail 1, low mp 2, slow metabolism 2, wild magic 1,
evolution 1
}: 3/15 runes: serpentine, barnacled, abyssal
a: Stop Divine Energy, Channel Magic, Forget Spell, Renounce Religion


You were on level 5 of the Realm of Zot.
You worshipped Sif Muna.
Sif Muna was greatly pleased with you.
You were not hungry.

You visited 9 branches of the dungeon, and saw 48 of its levels.
You visited the Abyss 1 time.
You visited 1 ziggurat, and saw 5 of its levels.
You also visited: Ossuary.

You collected 6248 gold pieces.
You spent 4955 gold pieces at shops.

Inventory:

Hand Weapons
 a - the +5 hunting sling of Accidental Termination (weapon) {flame, MR++}
   (You found it on level 4 of the Shoals)

   It causes projectiles fired from it to burn those they strike, causing extra
   injury to most foes and up to half again as much damage against particularly
   susceptible opponents.
   It affects your resistance to hostile enchantments.
 b - a +9 demon blade of slicing
 Y - a +0 fustibalus
Missiles
 S - 448 sling bullets (quivered)
Armour
 d - a +2 hat of intelligence (worn)
 f - a scarf of spirit shield (worn)
 o - a +3 buckler of cold resistance (worn)
 v - a +2 robe of the Archmagi (worn)
Jewellery
 e - the amulet of Fene {Spirit +Inv}
   (You acquired it on level 1 of a ziggurat)

   [amulet of guardian spirit]

   It causes incoming damage to be split between your health and magic.
   It lets you turn invisible.
 g - the amulet "Kemad" (around neck) {RegenMP Stlth+}
   (You acquired it on level 1 of the Abyss)

   [amulet of magic regeneration]

   It increases your magic regeneration.
   It makes you more stealthy.
 q - the ring of Perfectionism {rPois rC+ Int-3 Dex+5}
   (You took it off an iron imp on level 1 of the Abyss)

   [ring of protection from cold]

   It affects your intelligence (-3).
   It affects your dexterity (+5).
   It protects you from cold.
   It protects you from poison.
 t - the ring "Gouhei Xina" (right hand) {Wiz rF+ Dex+3}
   (You acquired it on level 1 of a ziggurat)

   [ring of wizardry]

   It improves your spell success rate.
   It affects your dexterity (+3).
   It protects you from fire.
 N - a +5 ring of protection (left hand)
Wands
 A - a wand of acid (25)
 B - a wand of iceblast (23)
 C - a wand of clouds (7)
 D - a wand of disintegration (50)
 E - a wand of enslavement (66)
 H - a wand of scattershot (2)
 P - a wand of paralysis (61)
Scrolls
 c - 20 scrolls of remove curse
 i - 13 scrolls of identify
 w - 2 scrolls of enchant armour
 y - 8 scrolls of fog
 G - 4 scrolls of enchant weapon
 K - 8 scrolls of amnesia
 L - 14 scrolls of blinking
 M - a scroll of magic mapping
 O - 2 scrolls of silence {!r}
 T - 16 scrolls of teleportation
 U - 8 scrolls of fear
Potions
 k - 4 potions of might
 m - 19 potions of curing
 p - 6 potions of agility
 u - 3 potions of heal wounds
 x - 6 potions of mutation {!q}
 z - 5 potions of magic
 I - 7 potions of brilliance
 R - 3 potions of resistance
 W - 2 potions of cancellation
 X - 2 potions of flight
Books
 j - Opump's Catalogue of Twisted Attacks
   (Sif Muna gifted it to you on level 2 of the Elven Halls)

   Spells                             Type                      Level
   a - Regeneration                   Charms/Necromancy            3
   b - Force Lance                    Conjuration/Translocation    4
   c - Bolt of Draining               Conjuration/Necromancy       5
   d - Iron Shot                      Conjuration/Earth            6
   e - Haunt                          Necromancy/Summoning         7
   f - Death's Door                   Charms/Necromancy            8
   g - Necromutation                  Transmutation/Necromancy     8
 s - Sif Muna's Papyrus of Black Rites and Aid
   (Sif Muna gifted it to you on level 1 of the Realm of Zot)

   Spells                             Type                      Level
   a - Infusion                       Charms                       1
   b - Shroud of Golubria             Charms/Translocation         2
   c - Song of Slaying                Charms                       2
   d - Dispel Undead                  Necromancy                   5
   e - Deflect Missiles               Charms/Air                   6
   f - Death Channel                  Necromancy                   6
Miscellaneous
 l - a fan of gales
 n - a lightning rod (4/4)
 F - a lamp of fire
 Q - 4 boxes of beasts
Comestibles
 r - 15 rations


   Skills:
 - Level 14.0 Fighting
 - Level 14.0 Long Blades
 - Level 12.0 Slings
 - Level 19.3 Dodging
 - Level 20.0 Stealth
 - Level 7.2 Shields
 - Level 22.0 Spellcasting
 - Level 12.0 Conjurations
 - Level 10.0 Hexes
 - Level 9.2 Charms
 - Level 3.0 Summonings
 - Level 10.0 Necromancy
 - Level 2.1 Translocations
 - Level 6.0 Transmutations
 - Level 5.0 Fire Magic
 - Level 8.0 Ice Magic
 - Level 9.0 Air Magic
 - Level 9.0 Earth Magic
 - Level 10.0 Poison Magic
 + Level 17.2 Invocations
 - Level 18.0 Evocations


You had 2 spell levels left.
You knew the following spells:

 Your Spells              Type           Power        Failure   Level  Hunger
a - Poison Arrow          Conj/Pois      ########..   1%          6    None
b - Borgnjor's Vile Clut  Necr/Erth      ########..   1%          5    None
c - Mephitic Cloud        Conj/Pois/Air  ########     1%          3    None
d - Animate Dead          Necr           N/A          1%          4    None
e - Death Channel         Necr           ########..   1%          6    None
f - Freezing Cloud        Conj/Ice/Air   ########..   2%          6    None
g - Ignite Poison         Fire/Tmut/Pois #######.     1%          3    None
i - Invisibility          Hex            ########     2%          6    None
l - Blink                 Tloc           N/A          1%          2    None
m - Deflect Missiles      Chrm/Air       ########..   2%          6    None
n - Dispel Undead         Necr           ########     1%          5    None
r - Regeneration          Chrm/Necr      ########..   1%          3    None
s - Airstrike             Air            ########..   1%          4    None
u - Summon Butterflies    Summ           #######.     1%          1    None
v - Summon Mana Viper     Hex/Summ       #######.     1%          5    None
z - Ozocubu's Armour      Chrm/Ice       ########     1%          3    None


Dungeon Overview and Level Annotations

Branches:
Dungeon (15/15)            Temple (0/1) D:5            Lair (6/6) D:11
 Shoals (4/4) Lair:4        Snake (4/4) Lair:3        Slime (0/5) Lair:5
    Orc (2/2) D:12            Elf (3/3) Orc:2        Vaults (4/5) D:14
  Crypt (0/3) Vaults:3     Depths (5/5) D:15            Zot (5/5) Depths:5

Altars:
Ashenzari
Hepliaklqana
Kikubaaqudgha
Makhleb
Nemelex Xobeh
Okawaru
Ru
Sif Muna
Uskayaw
Yredelemnul
The Shining One
Beogh

Shops:
D:5 [   D:9 *   D:12 [   D:14 *   D:15 [   Orc:2 =(*([[   Elf:1 ?   Snake:2 =
Snake:3 *:   Snake:4 (}=[%   Vaults:1 **}   Vaults:2 (   Depths:3 *
Depths:5 [:?=*

Portals:
Hell: Depths:1 Depths:2 Depths:3 Depths:5
Abyss: Depths:3 Depths:5
Pandemonium: Depths:3
Trove: Vaults:2 (give 10 potions of heal wounds)

Annotations:
Shoals:2 Virusyak's ghost, journeyman MfGl
Zot:1 exclusion: curse toe


Innate Abilities, Weirdness & Mutations

You are very small and have problems with some larger weapons.
You are too small for most types of armour.
You have supernaturally acute eyesight. (SInv)
You are a herbivore.
You cover ground extremely quickly.
You need consume almost no food.
You have large cloven feet.
You are partially covered in rugged brown scales. (AC +1, +3% HP)
You are frail. (-10% HP)
Your magical capacity is very low. (-20% MP)
Your spells are a little harder to cast, but a little more powerful.
You evolve.


Message History

* * * LOW MAGIC WARNING * * *;
* * * LOW HITPOINT WARNING * * *
The orb of fire emits a lurid red light.
Strange energies course through your body.
Your feet thicken and deform.
The ancient lich mumbles some strange words.
Your surroundings seem slightly different.
Unknown command.
Okay, then.
Okay, then.
Unknown command.
Unknown command.
Okay, then.
Unknown command.
Okay, then.
Okay, then.
You feel yourself speed up.
The orb of fire glows red.
The fireball explodes!
The fireball engulfs you! You resist.
* * * LOW MAGIC WARNING * * *
You die...

*#......,,,.......^..###
▓▓.....##▓▓#▓▓▓▓▓▓▓▓#
*▓.......dL.....§▓▓▓▓
**...........*8..^...▓#*
**,........22..**.......#*
*,,...(.......*.LX.......# ******
*,,.............X........▓**,,,,,
**,......................▓*,,,,,,
**.............@........▓,,,,,,,
*▓......................,,,,,,,
**.....................,*,,,,,,,
**,,....................,**,,,,,,
*,,,,...................,***,,,,,
*,,,,...................,* ******
**,,,...................**
**,,.................▓▓*
****,,,,,,,,,,,,,****


You could see 4 orbs of fire, an electric golem, 2 ancient liches, a red
draconian, 2 Orb Guardians, a balrug and a green death.

Vanquished Creatures
  3 ancient liches
  2 orbs of fire (Zot:2)
  Margery (Depths:4)
  Bai Suzhen (Depths:1)
  Saint Roka (Depths:2)
  2 Killer Klowns
  Vashnia (Snake:4)
  4 caustic shrikes (Depths:5)
  A curse toe (Zot:5)
  3 golden dragons
  the Enchantress (Depths:5)
  A profane servitor (Abyss:3)
  Jorgrun (Depths:2)
  3 electric golems
  17 tentacled monstrosities
  8 Orb Guardians (Zot:5)
  4 deep elf blademasters (Elf:3)
  Asterion (Depths:1)
  6 quicksilver dragons
  3 liches
  3 deep elf master archers
  9 death cobs
  An acid blob (Zig:5)
  2 sphinxes
  3 tentacled starspawn (Abyss:3)
  2 tengu reavers
  8 shadow dragons
  12 storm dragons
  An azure jelly (Zig:5)
  Ilsuiw (Shoals:4)
  7 fire giants
  5 frost giants
  11 draconian monks
  8 nagarajas
  A ghost moth (Zot:5)
  2 deep elf sorcerers
  2 draconian stormcallers (Zot:2)
  15 vault wardens
  8 draconian knights
  11 draconian scorchers
  9 deep elf elementalists
  2 orc warlords (Orc:2)
  13 draconian shifters
  Louise (D:15)
  7 draconian annihilators
  A ghoul (D:14)
  41 very ugly things
  9 stone giants
  8 spriggan defenders
  4 entropy weavers
  9 ironheart preservers
  2 deep elf demonologists
  5 green draconians
  10 red draconians
  2 vampire knights
  6 deep elf annihilators
  A spark wasp (shapeshifter) (Snake:2)
  11 yellow draconians
  17 purple draconians
  12 white draconians
  18 black draconians
  6 ettins
  4 dire elephants (Lair:6)
  An eidolon (Zig:4)
  3 merfolk javelineers
  7 spark wasps
  A blizzard demon (Abyss:3)
  6 deep elf death magi
  4 crystal guardians
  8 fire dragons
  A green death (Abyss:3)
  9 merfolk impalers
  2 great orbs of eyes (shapeshifter) (Abyss:3)
  13 yaktaur captains
  12 ogre magi
  3 deep elf high priests (Elf:3)
  5 great orbs of eyes
  10 vault guards
  9 hydras
  8 ice dragons
  10 naga warriors
  8 spriggan air magi
  A hell beast (Depths:3)
  10 centaur warriors
  2 rakshasas (Depths:3)
  3 merfolk avatars
  The ghost of imganon the Impaler, a journeyman DsBe of Trog (Lair:1)
  7 anacondas
  42 two-headed ogres
  34 dancing weapons
  A queen ant (Lair:3)
  A satyr (Shoals:3)
  6 deep troll earth magi
  5 tengu warriors
  6 merfolk aquamancers
  4 shock serpents
  7 deep troll shamans
  12 thrashing horrors
  2 orc high priests (Orc:2)
  3 vampire magi
  20 naga sharpshooters
  5 spriggan berserkers
  5 wretched stars (Abyss:3)
  13 deep elf knights
  A sun demon (Abyss:1)
  3 hell knights
  A sixfirhy (Abyss:3)
  5 iron trolls
  8 skeletal warriors
  8 sea snakes
  22 deep trolls
  7 salamander mystics
  A death drake (Abyss:3)
  8 wizards
  10 unseen horrors
  A glowing orange brain (shapeshifter) (Depths:4)
  5 glowing orange brains
  4 starcursed masses (Abyss:3)
  Pikel (D:8)
  13 ironbrand convokers
  A kraken simulacrum (Shoals:4)
  6 naga ritualists
  A flayed ghost (Depths:3)
  11 deep elf archers
  15 orc knights
  A phantasmal warrior (Abyss:2)
  A wolf spider zombie (Abyss:3)
  An orb spider (Abyss:1)
  20 harpies
  A lindwurm (Lair:5)
  5 necromancers
  10 cyclopes
  7 orc sorcerers
  46 ugly things
  A wolf spider (Vaults:1)
  4 fauns (Shoals:3)
  A shining eye (Snake:2)
  A draconian (Abyss:3)
  13 mana vipers
  A worldbinder (Abyss:3)
  10 elephants
  56 deep elf magi
  4 salamanders
  14 manticores
  27 black mambas
  20 moths of wrath
  14 merfolk sirens
  2 apocalypse crabs (Abyss:3)
  7 guardian serpents
  3 guardian serpents (shapeshifter) (Abyss:3)
  A rust devil (Depths:3)
  4 water nymphs
  12 vault sentinels
  An orange demon (Abyss:3)
  18 naga magi
  A gargoyle (D:14)
  7 smoke demons
  12 spiny frogs
  3 kobold demonologists
  2 efreet
  7 freezing wraiths
  4 komodo dragons
  70 yaktaurs
  2 tormentors (Abyss:3)
  7 ancient zymes (Abyss:3)
  5 red devils
  3 meliai
  5 tengu conjurers
  A hornet (shapeshifter) (Vaults:1)
  12 wind drakes
  2 hellwings (Abyss:3)
  A jumping spider (shapeshifter) (D:15)
  A merfolk (shapeshifter) (Depths:3)
  12 trolls
  A meliai (shapeshifter) (D:13)
  A polar bear (Lair:6)
  A jumping spider (Vaults:1)
  6 hornets
  A shadow dragon simulacrum (Depths:3)
  Grinder (D:6)
  28 merfolk
  A meliai zombie (D:15)
  7 raiju
  15 blink frogs
  4 hippogriffs
  An ettin zombie (Abyss:3)
  12 slime creatures
  21 dream sheep
  6 spriggans
  8 snapping turtles
  2 tarantellas (shapeshifter)
  2 tarantellas
  A wraith (Abyss:3)
  6 redbacks
  A dire elephant simulacrum (Abyss:3)
  24 water elementals
  6 air elementals
  A shadow (Abyss:1)
  4 wyverns
  4 ynoxinuls (Abyss:3)
  45 yaks
  3 fire bats (Abyss:3)
  3 fire elementals
  2 golden eyes
  Grum (D:8)
  2 basilisks
  7 hungry ghosts
  2 basilisks (shapeshifter)
  A steam dragon (shapeshifter) (Depths:5)
  2 chaos spawn (Abyss:3)
  4 vampire mosquitoes (D:14)
  20 large abominations
  56 nagas
  9 wargs
  2 acid dragons (Vaults:2)
  7 water moccasins
  7 soldier ants (Lair:3)
  6 porcupines
  A hell hound (D:11)
  A hornet zombie (D:10)
  57 orc warriors
  2 black bears
  7 sky beasts
  4 ice beasts
  A black bear (shapeshifter) (Depths:1)
  3 eyes of draining
  2 phantoms
  9 boggarts
  A necrophage (D:7)
  9 wolves
  17 centaurs
  39 ogres
  9 crocodiles
  3 big kobolds (D:8)
  14 bullfrogs
  An elf zombie (Ossuary)
  2 wyvern zombies
  7 earth elementals
  7 small abominations
  6 scorpions
  A wyvern skeleton (D:14)
  A snapping turtle simulacrum (Abyss:3)
  A human simulacrum (Vaults:2)
  12 killer bees
  5 electric eels (D:14)
  7 howler monkeys
  A bullfrog zombie (D:5)
  3 centaur zombies
  9 crimson imps
  4 human zombies (Ossuary)
  2 quasits
  7 hounds
  22 orc wizards
  7 centaur skeletons
  20 orc priests
  2 bullfrog skeletons
  6 jellies
  An iron imp (Abyss:1)
  2 iguanas
  Natasha (D:2)
  34 worker ants
  A killer bee zombie (D:8)
  A big kobold zombie (Ossuary)
  2 hound zombies
  4 mummies
  A worker ant zombie (D:8)
  13 adders
  A river rat (D:5)
  A river rat (shapeshifter) (Vaults:3)
  4 shadow imps
  4 white imps
  3 ufetubi
  An adder skeleton (D:2)
  5 adder zombies
  2 dart slugs
  7 leopard geckos
  116 orcs
  4 giant cockroaches
  3 gnoll zombies
  9 goblins
  7 hobgoblins
  7 jackals
  5 quokkas
  2 ball pythons (D:5)
  8 bats
  6 frilled lizards
  4 goblin zombies (Ossuary)
  2 hobgoblin zombies (Ossuary)
  A jackal skeleton (D:4)
  3 jackal zombies (Ossuary)
  5 kobolds
  4 kobold zombies (Ossuary)
  A leopard gecko zombie (D:7)
  2 orc zombies (Ossuary)
  A quokka skeleton (D:8)
  6 quokka zombies (Ossuary)
  12 rats
  2 rat zombies (Ossuary)
  A fungus (Elf:3)
  4 lurking horrors
  5 plants
2243 creatures vanquished.

Vanquished Creatures (collateral kills)
  An orb of fire (Zot:5)
  An ancient lich (Zot:5)
  A Killer Klown (Zot:5)
  A caustic shrike (Depths:5)
  A golden dragon (Zot:3)
  Jory (Depths:4)
  An electric golem (Zot:3)
  3 Orb Guardians (Zot:5)
  A sphinx (Vaults:4)
  4 death cobs
  A storm dragon (Zot:4)
  A nagaraja (Snake:4)
  A draconian monk (Zot:2)
  A draconian scorcher (Zot:2)
  A vault warden (Vaults:4)
  Aizul (Snake:4)
  An ironheart preserver (Vaults:3)
  4 very ugly things
  A stone giant (Vaults:4)
  2 green draconians (Zot:2)
  A yellow draconian (Zot:5)
  A white draconian (Zot:1)
  A fire dragon (Vaults:2)
  3 naga warriors (Snake:4)
  An ice dragon (Depths:3)
  A centaur warrior (Vaults:3)
  Erica (D:8)
  3 anacondas
  2 two-headed ogres
  3 naga sharpshooters
  A deep troll earth mage (Vaults:2)
  A shock serpent (Snake:4)
  2 sea snakes (Shoals:3)
  A deep elf archer (Vaults:4)
  A naga ritualist (Snake:4)
  3 deep trolls
  2 harpies (Shoals:1)
  A necromancer (Depths:3)
  An orc knight (Vaults:3)
  3 mana vipers (Snake:1)
  7 ugly things
  An orc sorcerer (Vaults:4)
  A deep elf mage (Vaults:4)
  A salamander (Snake:1)
  A cyclops (Shoals:4)
  An ice statue (Zig:1)
  5 black mambas
  A merfolk siren (Shoals:4)
  3 guardian serpents (Snake:4)
  3 naga magi
  4 merfolk
  A wind drake (Shoals:4)
  A snapping turtle (Shoals:4)
  A dream sheep (Shoals:1)
  A dream sheep (shapeshifter) (Vaults:1)
  2 redbacks (Vaults:4)
  A water elemental (Shoals:4)
  A spriggan (shapeshifter) (Vaults:2)
  2 fire elementals (Elf:1)
  A warg (Vaults:3)
  An acid dragon (Vaults:1)
  6 nagas (Snake:4)
  A hell hound (D:11)
  2 orc warriors
  2 ogres (Vaults:2)
  A killer bee (D:8)
  2 orc wizards (Depths:2)
  An orc (Depths:2)
  A plant (Depths:3)
118 creatures vanquished.

Vanquished Creatures (others)
  A deep elf master archer (Elf:3)
  2 stone giants
  A purple draconian (Zot:4)
  4 yaktaur captains
  A vault guard (Vaults:2)
  2 centaur warriors
  A deep troll shaman (Depths:4)
  2 naga sharpshooters (Snake:4)
  A deep elf knight (Vaults:3)
  A deep troll (Depths:4)
  3 deep elf archers (Elf:2)
  A deep elf mage (Elf:2)
  A cyclops (Shoals:1)
  15 yaktaurs
  A hornet (D:15)
  An air elemental (Depths:4)
  A fire elemental (Depths:4)
  A black bear (shapeshifter) (Depths:4)
  2 slaves (D:8)
  A centaur (Vaults:3)
  A worker ant (Lair:3)
  An ufetubus (Abyss:3)
  An orc (D:8)
  18 fungi
  64 plants
  8 starspawn tentacles (Abyss:3)
  8 tentacles (Shoals:4)
  A withered plant (D:14)
145 creatures vanquished.

Grand Total: 2506 creatures vanquished

Notes
Turn   | Place    | Note
-------+----------+-------------------------------------------
     0 | D:1      | emikaela the Spriggan Air Elementalist began the quest for the Orb.
     0 | D:1      | Reached XP level 1. HP: 9/9 MP: 5/5
   171 | D:1      | Reached skill level 1 in Conjurations
   303 | D:1      | Reached XP level 2. HP: 13/13 MP: 4/6
   635 | D:1      | Reached skill level 3 in Spellcasting
  1289 | D:2      | Reached XP level 3. HP: 12/16 MP: 3/8
  1306 | D:2      | Learned a level 3 spell: Static Discharge
  1534 | D:2      | Noticed Natasha
  2354 | D:2      | Killed Natasha
  2354 | D:2      | Reached XP level 4. HP: 6/21 MP: 1/10
  2785 | D:3      | Found a glowing golden altar of the Shining One.
  2802 | D:3      | Found a transporter.
  2802 | D:3      | Noticed a two-headed ogre
  2803 | D:3      | Found a hazy altar of Hepliaklqana.
  2818 | D:3      | Found a transporter.
  3206 | D:3      | Found a hide-covered altar of Uskayaw.
  3209 | D:3      | Reached skill level 4 in Spellcasting
  3542 | D:4      | Reached XP level 5. HP: 24/24 MP: 4/12
  3687 | D:4      | HP: 1/24 [poisoned by a worker ant]
  4127 | D:4      | Reached XP level 6. HP: 28/28 MP: 10/13
  4133 | D:4      | Learned a level 4 spell: Airstrike
  4176 | D:4      | Reached skill level 5 in Air Magic
  4901 | D:4      | Found a burning altar of Makhleb.
  4923 | D:5      | Entered Level 5 of the Dungeon
  4982 | D:5      | Learned a level 3 spell: Mephitic Cloud
  4986 | D:5      | Learned a level 3 spell: Conjure Flame
  4994 | D:5      | Reached XP level 7. HP: 32/32 MP: 8/14
  5067 | D:5      | Found a sand-covered staircase.
  5076 | Ossuary  | Entered an ossuary
  5393 | Ossuary  | Reached skill level 1 in Poison Magic
  5505 | Ossuary  | Reached skill level 5 in Spellcasting
  5733 | Ossuary  | Reached skill level 1 in Fire Magic
  6289 | D:5      | Reached XP level 8. HP: 36/36 MP: 5/17
  6438 | D:5      | Found a deep blue altar of Sif Muna.
  6444 | D:5      | Became a worshipper of Sif Muna the Loreminder
  6450 | D:5      | Found Sujur's Armour Shoppe.
  6543 | D:5      | Reached skill level 6 in Spellcasting
  6695 | D:5      | Found a staircase to the Ecumenical Temple.
  6973 | D:6      | Found a sacrificial altar of Ru.
  7006 | D:6      | Noticed Grinder
  7207 | D:6      | Found a basalt altar of Yredelemnul.
  7628 | D:6      | Found an iron altar of Okawaru.
  7790 | D:7      | Reached skill level 1 in Evocations
  7852 | D:7      | Got an ancient hunting sling
  7853 | D:7      | Identified the cursed +1 hunting sling of Dismemberment {venom, MP+9 Str+4} (You found it on level 7 of the Dungeon)
  7984 | D:7      | Reached skill level 7 in Spellcasting
  8215 | D:7      | Reached * piety under Sif Muna
  8294 | D:7      | Reached XP level 9. HP: 38/39 MP: 20/20
  8296 | D:7      | Reached skill level 5 in Evocations
  9051 | D:7      | Learned a level 2 spell: Call Imp
  9054 | D:7      | Learned a level 2 spell: Blink
  9063 | D:8      | Found a shattered altar of Ashenzari.
  9080 | D:8      | Reached skill level 1 in Translocations
  9108 | D:8      | Reached skill level 5 in Stealth
  9120 | D:8      | Reached skill level 1 in Summonings
  9131 | D:8      | Reached skill level 8 in Spellcasting
  9294 | D:8      | Reached skill level 1 in Fighting
  9294 | D:8      | Reached skill level 1 in Slings
  9428 | D:8      | Noticed Grum
  9434 | D:8      | Noticed Erica
  9436 | D:8      | Noticed Pikel
  9437 | D:8      | Killed Grum
  9442 | D:8      | Killed Pikel
  9442 | D:8      | Reached skill level 5 in Slings
  9442 | D:8      | Reached XP level 10. HP: 41/46 MP: 14/23
  9449 | D:8      | Killed Erica
  9449 | D:8      | Reached skill level 5 in Dodging
  9765 | D:8      | Noticed a two-headed hydra
  9776 | D:8      | Killed a two-headed hydra
  9903 | D:8      | Reached ** piety under Sif Muna
 10443 | D:9      | Noticed a five-headed hydra
 10453 | D:9      | Killed a five-headed hydra
 10640 | D:9      | Found Onoeluh's Elemental Accessories.
 10995 | D:9      | Found a sparkling altar of Nemelex Xobeh.
 11441 | D:10     | Entered Level 10 of the Dungeon
 11579 | D:10     | Reached XP level 11. HP: 41/52 MP: 24/24
 11618 | D:10     | Noticed an orc knight
 11657 | D:10     | Killed an orc knight
 11657 | D:10     | Reached skill level 9 in Spellcasting
 12168 | D:10     | Learned a level 3 spell: Ignite Poison
 12377 | D:10     | Noticed a two-headed ogre
 12388 | D:10     | Killed a two-headed ogre
 12876 | D:11     | Found a sparkling altar of Nemelex Xobeh.
 12880 | D:11     | Noticed a five-headed hydra
 12887 | D:11     | Killed a five-headed hydra
 13245 | D:11     | Noticed a red ugly thing
 13267 | D:11     | Killed a red ugly thing
 13533 | D:11     | Reached *** piety under Sif Muna
 13884 | D:11     | Reached skill level 10 in Spellcasting
 14192 | D:11     | Found a staircase to the Lair.
 14249 | D:11     | Reached skill level 5 in Fighting
 14442 | D:11     | Identified Xosu's Compendium of Ghastly Malediction
 14456 | D:11     | Learned a level 1 spell: Animate Skeleton
 14784 | D:11     | Reached skill level 1 in Invocations
 14858 | Lair:1   | Entered Level 1 of the Lair of Beasts
 15081 | Lair:1   | Reached XP level 12. HP: 60/60 MP: 27/27
 15249 | Lair:1   | Reached skill level 1 in Necromancy
 15500 | Lair:1   | Noticed imganon's ghost (journeyman DsBe)
 15518 | Lair:1   | Killed imganon's ghost
 17072 | Lair:3   | Reached skill level 5 in Transmutations
 17531 | Lair:3   | Noticed a queen ant
 17543 | Lair:3   | Killed a queen ant
 17543 | Lair:3   | Reached skill level 10 in Stealth
 18125 | Lair:3   | Found a staircase to the Snake Pit.
 18324 | Lair:4   | Learned a level 4 spell: Sticky Flame
 18414 | Lair:4   | Found a staircase to the Shoals.
 18424 | Lair:4   | Noticed a five-headed hydra
 18442 | Lair:4   | Killed a five-headed hydra
 18720 | Lair:4   | Reached **** piety under Sif Muna
 19275 | Lair:4   | Noticed a four-headed hydra
 19281 | Lair:4   | Killed a four-headed hydra
 19800 | Lair:5   | Reached skill level 10 in Slings
 19800 | Lair:5   | Reached skill level 5 in Invocations
 19809 | Lair:5   | Reached skill level 10 in Evocations
 19813 | Lair:5   | Reached XP level 13. HP: 63/63 MP: 12/28
 20196 | Lair:5   | Found a staircase to the Slime Pits.
 21050 | Lair:6   | Entered Level 6 of the Lair of Beasts
 22212 | Lair:6   | Got a smoking dagger
 23382 | Lair:6   | Noticed a dire elephant
 23382 | Lair:6   | Noticed a dire elephant
 23400 | Lair:6   | Noticed a dire elephant
 23417 | Lair:6   | Noticed a dire elephant
 23428 | Lair:6   | Noticed a dire elephant
 23471 | Lair:6   | Killed a dire elephant
 23483 | Lair:6   | Killed a dire elephant
 23483 | Lair:6   | Reached skill level 11 in Spellcasting
 23489 | Lair:6   | Noticed a dire elephant
 23679 | Lair:6   | Killed a dire elephant
 24078 | Lair:6   | Killed a dire elephant
 24078 | Lair:6   | Reached ***** piety under Sif Muna
 24078 | Lair:6   | Identified Sif Muna's Volume of Dark Summoning (Sif Muna gifted it to you on level 6 of the Lair of Beasts)
 24078 | Lair:6   | Received a gift from Sif Muna
 24171 | Lair:6   | Learned a level 2 spell: Poisonous Vapours
 24416 | Lair:1   | Learned a level 5 spell: Borgnjor's Vile Clutch
 24456 | D:12     | Found Fasu's Antique Armour Emporium.
 24462 | D:12     | Bought a glowing scarf for 200 gold pieces
 24462 | D:12     | Bought a shiny buckler for 187 gold pieces
 24462 | D:12     | Bought an embroidered hat for 175 gold pieces
 24857 | D:12     | Found a roughly hewn altar of Beogh.
 24857 | D:12     | Found a staircase to the Orcish Mines.
 24992 | D:12     | Reached skill level 1 in Earth Magic
 25188 | D:12     | Reached XP level 14. HP: 70/70 MP: 30/30
 25427 | D:12     | Reached skill level 1 in Shields
 25772 | Orc:1    | Entered Level 1 of the Orcish Mines
 25958 | Orc:2    | Entered Level 2 of the Orcish Mines
 26244 | Orc:2    | Found Xomozen's Antique Armour Emporium.
 26436 | Orc:2    | Found Dirien's Antique Weapon Shop.
 26467 | Orc:2    | Found a staircase to the Elven Halls.
 26793 | Orc:2    | Noticed an orc warlord
 26819 | Orc:2    | Killed an orc warlord
 26950 | Orc:2    | Reached skill level 12 in Spellcasting
 27467 | Orc:2    | Noticed an orc warlord
 27483 | Orc:2    | Killed an orc warlord
 27735 | Orc:2    | Found Enu Irr's Antique Weapon Shop.
 27761 | Orc:2    | Found Voffi's General Store.
 27769 | Orc:2    | Bought a scroll of identify for 24 gold pieces
 27769 | Orc:2    | Identified the +2 dagger "Biuloor" {pierce, +Rage rC+ Int-2 Dex+2} (You found it on level 6 of the Lair of Beasts)
 27826 | Orc:2    | Found Muive's Jewellery Shop.
 28011 | Orc:2    | Found Bommorog's Antique Armour Shoppe.
 28021 | Orc:2    | Bought a runed robe for 92 gold pieces
 28524 | Orc:2    | Identified Pofugop's Disquisition on Arcane Weapons (Sif Muna gifted it to you on level 2 of the Orcish Mines)
 28524 | Orc:2    | Received a gift from Sif Muna
 29492 | Orc:2    | Bought a +5 amulet of reflection for 576 gold pieces
 29629 | Lair:1   | Learned a level 1 spell: Summon Butterflies
 30007 | D:13     | Reached skill level 5 in Shields
 30044 | D:13     | Reached skill level 5 in Necromancy
 31246 | D:13     | Upgraded the game from 0.21.0-22-g11d5b52 to 0.21.0-24-g2553a33
 31593 | D:14     | Reached skill level 5 in Earth Magic
 31605 | D:14     | Reached XP level 15. HP: 73/73 MP: 7/32
 31746 | D:14     | Found Qiohi's Assorted Antiques.
 31810 | D:14     | Bought a scroll labeled MECVIGG VYLY for 31 gold pieces
 32001 | D:14     | Found a gate to the Vaults.
 32416 | D:14     | Reached skill level 5 in Fire Magic
 33417 | D:15     | Entered Level 15 of the Dungeon
 33627 | D:15     | Found Nagrympe's Armour Shop.
 33926 | D:15     | Received a gift from Sif Muna
 33930 | D:15     | Noticed Louise
 33949 | D:15     | Killed Louise
 33953 | D:15     | Identified Meloevac's Volume of Stones and Cold (Sif Muna gifted it to you on level 15 of the Dungeon)
 35474 | D:15     | Found a staircase to the Depths.
 35803 | Lair:1   | Learned a level 4 spell: Animate Dead
 35887 | D:9      | Bought the Volume of Ice for 726 gold pieces
 35891 | D:9      | Learned a level 3 spell: Ozocubu's Armour
 36084 | Shoals:1 | Entered Level 1 of the Shoals
 36095 | Shoals:1 | Reached skill level 1 in Charms
 36105 | Shoals:1 | Reached skill level 1 in Ice Magic
 38181 | Shoals:2 | Identified Sif Muna's Catalogue of Bewitching Darkness (Sif Muna gifted it to you on level 2 of the Shoals)
 38181 | Shoals:2 | Received a gift from Sif Muna
 38339 | Shoals:2 | Reached XP level 16. HP: 77/77 MP: 31/33
 39014 | Shoals:2 | Reached skill level 13 in Spellcasting
 39205 | Shoals:2 | Noticed Virusyak's ghost (journeyman MfGl)
 39586 | Shoals:2 | Reached skill level 10 in Dodging
 41720 | Shoals:4 | Entered Level 4 of the Shoals
 41844 | Shoals:4 | Noticed Ilsuiw
 44216 | Shoals:4 | Identified the +5 hunting sling of Accidental Termination {flame, MR++} (You found it on level 4 of the Shoals)
 44592 | Shoals:4 | Killed Ilsuiw
 45183 | Shoals:4 | Got a barnacled rune of Zot
 45658 | Snake:1  | Entered Level 1 of the Snake Pit
 45754 | Snake:1  | Reached XP level 17. HP: 85/85 MP: 17/35
 45978 | Snake:1  | Identified Sif Muna's Guide on Combat Magic (Sif Muna gifted it to you on level 1 of the Snake Pit)
 45978 | Snake:1  | Received a gift from Sif Muna
 47581 | Snake:2  | Found Qoeru's Jewellery Shop.
 48657 | Snake:3  | Identified Sif Muna's Volume of Icy Hexes (Sif Muna gifted it to you on level 3 of the Snake Pit)
 48657 | Snake:3  | Received a gift from Sif Muna
 48987 | Snake:3  | Reached skill level 14 in Spellcasting
 49810 | Snake:3  | Found Owoireb's General Store.
 49849 | Snake:3  | Found Yshrimit's Book Boutique.
 50374 | Snake:4  | Entered Level 4 of the Snake Pit
 50603 | Snake:4  | Found Heuxeh's Antique Armour Emporium.
 50608 | Snake:4  | Noticed Aizul
 50612 | Snake:4  | Reached skill level 15 in Spellcasting
 50989 | Snake:3  | Bought a book of the Sky for 975 gold pieces
 50996 | Snake:3  | Learned a level 6 spell: Deflect Missiles
 51465 | Snake:4  | Killed Aizul
 51620 | Snake:4  | Reached skill level 5 in Charms
 51833 | Snake:4  | Found Jootang's Jewellery Emporium.
 52084 | Snake:4  | Found Zohook's Food Boutique.
 52515 | Snake:4  | Found Diule's Gadget Emporium.
 52554 | Snake:4  | Found Winofimo's Weapon Boutique.
 52816 | Snake:4  | Reached XP level 18. HP: 83/91 MP: 23/38
 53949 | Snake:4  | Noticed Vashnia
 53968 | Snake:4  | Killed Vashnia
 54276 | Snake:4  | Reached skill level 10 in Fighting
 54516 | Snake:4  | Received a gift from Sif Muna
 54557 | Snake:4  | Reached ****** piety under Sif Muna
 55078 | Snake:4  | Reached skill level 16 in Spellcasting
 55164 | Snake:4  | Got a serpentine rune of Zot
 55432 | Lair:1   | Learned a level 6 spell: Freezing Cloud
 55438 | Lair:1   | Learned a level 5 spell: Summon Mana Viper
 55505 | Vaults:1 | Entered Level 1 of the Vaults
 55516 | Vaults:1 | Reached skill level 1 in Hexes
 56329 | Vaults:1 | Found Winaj's Gadget Emporium.
 56329 | Vaults:1 | Found Qutell's General Store.
 56539 | Vaults:1 | Found Wualuach's General Store.
 56687 | Vaults:1 | Reached skill level 5 in Conjurations
 56799 | Vaults:1 | You fall through a shaft!
 56824 | Vaults:2 | Identified Sif Muna's Catalogue of Aerial Conjuration (Sif Muna gifted it to you on level 2 of the Vaults)
 56824 | Vaults:2 | Received a gift from Sif Muna
 56833 | Vaults:2 | Reached skill level 5 in Hexes
 57634 | Vaults:1 | Reached skill level 5 in Ice Magic
 58054 | Vaults:2 | Reached XP level 19. HP: 81/98 MP: 13/40
 59365 | Vaults:2 | Found a portal to a secret trove of treasure.
 59394 | Vaults:2 | Reached skill level 17 in Spellcasting
 59600 | Vaults:2 | Identified Mola's Papyrus of the Rocks and Snow (Sif Muna gifted it to you on level 2 of the Vaults)
 59600 | Vaults:2 | Received a gift from Sif Muna
 60851 | Vaults:2 | Found Uwkutal's Weapon Emporium.
 60890 | Vaults:2 | Reached skill level 18 in Spellcasting
 62625 | Vaults:3 | Identified Sif Muna's Disquisition on Quantum Conjuration (Sif Muna gifted it to you on level 3 of the Vaults)
 62625 | Vaults:3 | Received a gift from Sif Muna
 63019 | Vaults:3 | Learned a level 4 spell: Cause Fear
 63369 | Vaults:3 | Found a staircase to the Crypt.
 63369 | Vaults:3 | Found a basalt altar of Yredelemnul.
 63384 | Vaults:3 | Found an ancient bone altar of Kikubaaqudgha.
 63426 | Vaults:3 | Reached XP level 20. HP: 102/102 MP: 43/43
 63995 | Vaults:3 | Reached skill level 15 in Dodging
 68061 | Vaults:4 | Learned a level 6 spell: Poison Arrow
 68986 | Snake:4  | Bought a +5 ring of protection for 1045 gold pieces
 69245 | Elf:1    | Entered Level 1 of the Elven Halls
 69775 | Elf:1    | Got a twisted cloak
 69776 | Elf:1    | Identified the +0 cloak "Fifunn" {+Blink rF+} (You found it on level 1 of the Elven Halls)
 70068 | Elf:1    | Found Nampym Tuasch's Magic Scroll Boutique.
 70072 | Elf:1    | Bought a scroll of blinking for 82 gold pieces
 70448 | Elf:1    | Reached skill level 5 in Poison Magic
 71083 | Elf:2    | Identified Opump's Catalogue of Twisted Attacks (Sif Muna gifted it to you on level 2 of the Elven Halls)
 71083 | Elf:2    | Received a gift from Sif Muna
 71301 | Elf:2    | Reached XP level 21. HP: 107/107 MP: 30/44
 71960 | Elf:2    | Found a runed gate.
 71960 | Elf:2    | Found a runed gate.
 71960 | Elf:2    | Found a runed gate.
 72962 | Elf:2    | Reached skill level 10 in Invocations
 74022 | Elf:3    | Entered Level 3 of the Elven Halls
 74604 | Elf:3    | Reached skill level 15 in Stealth
 75686 | Elf:3    | Identified Sif Muna's Disquisition on the Mutagenic Glacier (Sif Muna gifted it to you on level 3 of the Elven Halls)
 75686 | Elf:3    | Received a gift from Sif Muna
 76356 | Elf:3    | Identified a scroll of acquirement
 76940 | Elf:3    | Got a translucent flail {flame}
 77038 | Elf:3    | Reached skill level 15 in Evocations
 77321 | Elf:3    | Identified Ineaxt's Papyrus of Supportive Earth
 77323 | Elf:3    | Got a vibrating lapis lazuli ring
 77324 | Elf:3    | Identified the ring "Asail" {Wiz *Corrode +Inv MR++ Dex+3} (You acquired it on level 3 of the Elven Halls)
 77329 | Elf:3    | Got a warped lapis lazuli ring
 77330 | Elf:3    | Identified the ring "Ymmeh" {Fire MP+9 Str-5 Int-2 Dex+8} (You found it on level 3 of the Elven Halls)
 77340 | Elf:3    | Got a bone quarterstaff
 78067 | D:6      | Killed Grinder
 78277 | Depths:1 | Entered Level 1 of the Depths
 78567 | Depths:1 | Noticed Asterion
 78750 | Depths:1 | Killed Asterion
 78750 | Depths:1 | Reached skill level 10 in Poison Magic
 79333 | Depths:1 | Reached XP level 22. HP: 111/111 MP: 23/45
 79756 | Depths:1 | Found a gateway to Hell.
 79789 | Depths:1 | Noticed Bai Suzhen
 79811 | Depths:1 | Killed Bai Suzhen
 80166 | Depths:2 | Found a gateway to a ziggurat.
 80641 | Depths:2 | Identified Gaitz's Incunabulum of Cold and Execration (Sif Muna gifted it to you on level 2 of the Depths)
 80641 | Depths:2 | Received a gift from Sif Muna
 81276 | Depths:2 | Noticed Saint Roka
 81286 | Depths:2 | Killed Saint Roka
 81286 | Depths:2 | Reached skill level 10 in Conjurations
 81550 | Depths:2 | Noticed Jorgrun
 81560 | Depths:2 | Killed Jorgrun
 82313 | Lair:1   | Learned a level 3 spell: Regeneration
 82532 | Depths:2 | Received a gift from Sif Muna
 82533 | Depths:2 | Identified Sif Muna's Papyrus of Unstable Flames (Sif Muna gifted it to you on level 2 of the Depths)
 84093 | Depths:3 | Found a one-way gate leading to the halls of Pandemonium.
 84135 | Depths:3 | Found a one-way gate to the infinite horrors of the Abyss.
 84844 | Depths:3 | Reached skill level 19 in Spellcasting
 85029 | Depths:3 | Found Lynasita's Assorted Antiques.
 85082 | Depths:3 | Bought a potion of heal wounds for 180 gold pieces
 85271 | Depths:3 | Received a gift from Sif Muna
 85765 | Depths:4 | Noticed Jory
 85880 | Depths:4 | Noticed Margery
 86425 | Depths:4 | Reached skill level 20 in Spellcasting
 86901 | Depths:4 | Reached XP level 23. HP: 116/116 MP: 17/48
 87146 | Depths:4 | Killed Jory
 87636 | Depths:4 | Got a silken robe
 87637 | Depths:4 | Identified the +2 robe "Nilym" {-Tele Int+5} (You found it on level 4 of the Depths)
 88617 | Depths:4 | Identified the Disquisition on Feathers and the Rocks
 88714 | Depths:4 | Killed Margery
 89138 | Depths:5 | Entered Level 5 of the Depths
 89614 | Depths:5 | Got an iridescent shortbow
 89615 | Depths:5 | Identified the +1 shortbow of emikaela's Terror {freeze, -Tele rN+ MR+ Dex+7} (You found it on level 5 of the Depths)
 90157 | Depths:5 | Found a gate to the Realm of Zot.
 90294 | Depths:5 | Noticed the Enchantress
 90300 | Depths:5 | Killed the Enchantress
 90794 | Depths:5 | Got faerie dragon scales
 90795 | Depths:5 | Identified the +1 faerie dragon scales {rPois MR+ rCorr} (You took it off the Enchantress on level 5 of the Depths)
 91857 | Depths:5 | Noticed a caustic shrike
 91908 | Depths:5 | Noticed a caustic shrike
 91920 | Depths:5 | Killed a caustic shrike
 91947 | Depths:5 | Noticed a caustic shrike
 92176 | Depths:5 | Noticed a caustic shrike
 92177 | Depths:5 | Noticed a caustic shrike
 92184 | Depths:5 | Killed a caustic shrike
 92184 | Depths:5 | Killed a caustic shrike
 92193 | Depths:5 | Killed a caustic shrike
 92196 | Depths:5 | Killed a caustic shrike
 92280 | Depths:5 | Found Voamn's Jewellery Shop.
 92295 | Depths:5 | Found Isuwnuos's Book Shop.
 92368 | Depths:5 | Found Vacesm's Antique Armour Shop.
 92376 | Depths:5 | Bought a shiny buckler for 330 gold pieces
 92403 | Depths:5 | Found Heffic's Magic Scroll Emporium.
 92415 | Depths:5 | Found Goc Egg's Assorted Antiques.
 92932 | Depths:4 | Got a bloodstained quarterstaff
 92981 | Depths:4 | Reached XP level 24. HP: 121/126 MP: 0/48
 93985 | Snake:4  | Bought a bloodstained cloak for 332 gold pieces
 93985 | Snake:4  | Identified the +2 cloak "Fualoonaf" {-Tele rN+ Str+4} (You bought it in a shop on level 4 of the Snake Pit)
 94367 | Depths:3 | Voluntarily entered the Abyss.
 94573 | Abyss:1  | Got a clouded garnet amulet
 94574 | Abyss:1  | Identified the amulet "Kemad" {RegenMP Stlth+} (You acquired it on level 1 of the Abyss)
 94587 | Abyss:1  | Reached skill level 1 in Long Blades
 94636 | Abyss:1  | Got a warped wooden ring
 94638 | Abyss:1  | Identified the ring of Perfectionism {rPois rC+ Int-3 Dex+5} (You took it off an iron imp on level 1 of the Abyss)
 96250 | Abyss:3  | Reached skill level 5 in Long Blades
 96681 | Abyss:3  | Received a gift from Sif Muna
 96964 | Abyss:3  | Noticed an ancient lich
 97066 | Abyss:3  | Found a hazy altar of Hepliaklqana.
 97075 | Abyss:3  | Found a sparkling altar of Nemelex Xobeh.
 97201 | Abyss:3  | Lost strength.
 97230 | Abyss:3  | Found a corrupted altar of Lugonu.
 97436 | Abyss:3  | Reached skill level 10 in Long Blades
 97692 | Abyss:3  | Found a corrupted altar of Lugonu.
 97964 | Abyss:3  | Got an abyssal rune of Zot
 98229 | Depths:3 | Escaped the Abyss
 98491 | Lair:1   | Learned a level 6 spell: Invisibility
 98657 | Zig:1    | Entered Level 1 of a ziggurat
 98700 | Zig:1    | Got a transparent wooden ring
 98701 | Zig:1    | Identified the ring "Gouhei Xina" {Wiz rF+ Dex+3} (You acquired it on level 1 of a ziggurat)
 98706 | Zig:1    | Got a translucent brass amulet
 98707 | Zig:1    | Identified the amulet of Fene {Spirit +Inv} (You acquired it on level 1 of a ziggurat)
 98714 | Zig:2    | Entered Level 2 of a ziggurat
 98771 | Zig:3    | Entered Level 3 of a ziggurat
 98834 | Zig:4    | Entered Level 4 of a ziggurat
 98834 | Zig:4    | Noticed an ancient lich
 98844 | Zig:4    | Killed an ancient lich
 98932 | Zig:4    | Reached XP level 25. HP: 131/131 MP: 45/48
 98944 | Zig:5    | Entered Level 5 of a ziggurat
 98946 | Zig:5    | Found the +12 glaive of Prune {chop}
 99022 | Zig:5    | Reached XP level 26. HP: 136/136 MP: 47/48
 99127 | Zot:1    | Entered Level 1 of the Realm of Zot
 99254 | Zot:1    | Reached skill level 10 in Hexes
 99492 | Zot:1    | Reached XP level 27. HP: 133/140 MP: 12/48
 99893 | Zot:1    | Received a gift from Sif Muna
 99894 | Zot:1    | Identified Sif Muna's Papyrus of Black Rites and Aid (Sif Muna gifted it to you on level 1 of the Realm of Zot)
 99903 | Zot:1    | Learned a level 6 spell: Death Channel
100867 | Zot:1    | Reached skill level 21 in Spellcasting
100872 | Zot:1    | Reached skill level 10 in Necromancy
101333 | Zot:2    | Learned a level 5 spell: Dispel Undead
102521 | Zot:2    | Received a gift from Sif Muna
102785 | Zot:2    | Noticed an orb of fire
102795 | Zot:2    | Killed an orb of fire
103797 | Zot:2    | Noticed an orb of fire
103814 | Zot:2    | Gained mutation: Your magical capacity is low. (-10% MP) [an orb of fire]
103818 | Zot:2    | Gained mutation: You expend magic power (3 MP) to strengthen your wands. [an orb of fire]
103856 | Zot:2    | Gained mutation: Your body sometimes deteriorates upon taking damage. [an orb of fire]
103857 | Zot:2    | Killed an orb of fire
103858 | Zot:2    | Lost mutation: Your body sometimes deteriorates upon taking damage. [potion of mutation]
103858 | Zot:2    | Lost mutation: Your magical capacity is low. (-10% MP) [potion of mutation]
103858 | Zot:2    | Lost mutation: You expend magic power (3 MP) to strengthen your wands. [potion of mutation]
103858 | Zot:2    | Gained mutation: Your spells are a little easier to cast, but a little less powerful. [potion of mutation]
103858 | Zot:2    | Gained mutation: You are partially covered in rugged brown scales. (AC +1, +3% HP) [potion of mutation]
103858 | Zot:2    | Gained mutation: You can translocate small distances at will. [potion of mutation]
103858 | Zot:2    | Gained mutation: You possess an exceptional clarity of mind. [potion of mutation]
104788 | Zot:2    | Reached skill level 22 in Spellcasting
106708 | Zot:5    | Entered Level 5 of the Realm of Zot
107091 | Zot:5    | Reached skill level 15 in Invocations
107567 | Zot:5    | Noticed an ancient lich
107578 | Zot:5    | Killed an ancient lich
107684 | Zot:5    | Noticed an ancient lich
107699 | Zot:5    | Killed an ancient lich
107715 | Zot:5    | Noticed an ancient lich
107722 | Zot:5    | Killed an ancient lich
107723 | Zot:5    | Noticed an orb of fire
107729 | Zot:5    | Gained mutation: Your magical capacity is low. (-10% MP) [an orb of fire]
107732 | Zot:5    | Lost mutation: You can translocate small distances at will. [potion of mutation]
107732 | Zot:5    | Lost mutation: Your spells are a little easier to cast, but a little less powerful. [potion of mutation]
107732 | Zot:5    | Gained mutation: You evolve. [potion of mutation]
107732 | Zot:5    | Gained mutation: Your spells are a little harder to cast, but a little more powerful. [potion of mutation]
108298 | Zot:5    | Noticed an orb of fire
108312 | Zot:5    | Killed an orb of fire
108427 | Zot:5    | Noticed an orb of fire
108432 | Zot:5    | Noticed an ancient lich
108432 | Zot:5    | Noticed an orb of fire
108436 | Zot:5    | Noticed an ancient lich
108436 | Zot:5    | Noticed an orb of fire
108436 | Zot:5    | Noticed an orb of fire
108438 | Zot:5    | Lost mutation: You possess an exceptional clarity of mind. [an orb of fire]
108442 | Zot:5    | Gained mutation: Your magical capacity is very low. (-20% MP) [an orb of fire]
108442 | Zot:5    | Gained mutation: You are frail. (-10% HP) [an orb of fire]
108444 | Zot:5    | Gained mutation: You have large cloven feet. [an orb of fire]
108446 | Zot:5    | Killed from afar by an orb of fire

Skill      XL: |  1  2  3  4  5  6  7  8  9 10 11 12 13 14 15 16 17 18 19 20 21 22 23 24 25 26 27 |
---------------+----------------------------------------------------------------------------------+-----
Conjurations   | 1 2 3 4 5 6 7 12 | 12.0
Spellcasting   | 3 4 5 7 8 10 11 12 13 15 16 18 20 22 | 22.0
Air Magic      | 3 4 5 6 7 8 9 |  9.0
Poison Magic   | 1 2 3 4 5 10 | 10.0
Fire Magic     | 1 2 3 4 5 |  5.0
Evocations     | 4 6 7 10 11 12 13 15 18 | 18.0
Stealth        | 6 7 8 10 12 14 15 17 18 20 | 20.0
Translocations | 2 |  2.1
Summonings     | 2 3 |  3.0
Fighting       | 2 3 5 6 8 10 12 13 14 | 14.0
Slings         | 5 6 8 10 12 | 12.0
Dodging        | 8 9 12 13 16 19 | 19.3
Transmutations | 4 5 6 |  6.0
Invocations    | 1 5 8 9 11 12 17 | 17.2
Necromancy     | 2 5 8 9 10 | 10.0
Earth Magic    | 1 5 7 8 9 |  9.0
Shields        | 5 7 |  7.2
Charms         | 4 6 9 |  9.2
Ice Magic      | 2 5 8 |  8.0
Hexes          | 6 7 9 10 | 10.0
Long Blades    | 12 13 14 | 14.0

Action                   |  1- 3 |  4- 6 |  7- 9 | 10-12 | 13-15 | 16-18 | 19-21 | 22-24 | 25-27 || total
-------------------------+-------+-------+-------+-------+-------+-------+-------+-------+-------++-------
Melee: Dagger            |       |       |     1 |       |       |       |       |       |       ||     1
       Staff             |       |       |       |       |    45 |       |       |       |       ||    45
       Broad axe         |       |       |       |       |    19 |       |       |       |       ||    19
       Demon blade       |       |       |       |       |       |       |       |   336 |   104 ||   440
 Fire: Hunting sling     |    14 |    10 |   199 |   798 |  1482 |  1085 |   871 |   692 |   113 ||  5264
 Cast: Shock             |    85 |   111 |   164 |     9 |       |       |       |       |       ||   369
       Conjure Flame     |       |       |    31 |    35 |    20 |     3 |       |       |       ||    89
       Mephitic Cloud    |       |       |    27 |    97 |   210 |    70 |   108 |    52 |     2 ||   566
       Airstrike         |       |       |     7 |    76 |   117 |   183 |   356 |   396 |   273 ||  1408
       Call Imp          |       |       |     1 |     4 |       |       |       |       |       ||     5
       Ignite Poison     |       |       |       |    26 |   172 |   106 |   164 |    32 |       ||   500
       Blink             |       |       |       |     1 |     3 |     3 |     1 |     5 |     4 ||    17
       Sticky Flame      |       |       |       |       |    49 |    18 |     5 |       |       ||    72
       Poisonous Vapours |       |       |       |       |   212 |   208 |   410 |    67 |       ||   897
       Animate Dead      |       |       |       |       |    12 |    91 |    86 |    49 |    41 ||   279
       Ozocubu's Armour  |       |       |       |       |     2 |    34 |    25 |    53 |    25 ||   139
       Borgnjor's Vile C |       |       |       |       |       |   189 |   122 |   231 |   141 ||   683
       Deflect Missiles  |       |       |       |       |       |     2 |     5 |     8 |     5 ||    20
       Freezing Cloud    |       |       |       |       |       |     2 |    14 |    76 |    36 ||   128
       Cause Fear        |       |       |       |       |       |       |     1 |       |       ||     1
       Poison Arrow      |       |       |       |       |       |       |     3 |    64 |   106 ||   173
       Regeneration      |       |       |       |       |       |       |       |    57 |    19 ||    76
       Summon Mana Viper |       |       |       |       |       |       |       |    11 |    10 ||    21
       Death Channel     |       |       |       |       |       |       |       |       |    26 ||    26
       Dispel Undead     |       |       |       |       |       |       |       |       |    22 ||    22
       Summon Butterflie |       |       |       |       |       |       |       |       |     1 ||     1
       Invisibility      |       |       |       |       |       |       |       |       |     1 ||     1
Invok: Divine Energy     |       |       |       |       |       |     1 |       |       |       ||     1
       Channel Magic     |       |       |       |       |       |       |     6 |    14 |    15 ||    35
Evoke: Wand              |       |       |     3 |       |     1 |    16 |       |     5 |       ||    25
       Fan of gales      |       |       |       |       |       |     1 |       |     1 |       ||     2
       Lamp of fire      |       |       |       |       |       |       |       |     1 |       ||     1
       Box of beasts     |       |       |       |       |       |       |       |       |     3 ||     3
       Phantom mirror    |       |       |       |       |       |       |       |       |     1 ||     1
  Use: Scroll            |       |    10 |     7 |    11 |    14 |    10 |    13 |    30 |     9 ||   104
       Potion            |       |       |       |       |     1 |     1 |     2 |    13 |    11 ||    28
 Stab: Invisible         |       |       |       |       |       |       |       |     3 |     8 ||    11
       Sleeping          |       |       |       |       |       |       |       |     2 |     1 ||     3
       Confused          |       |       |       |       |       |       |       |     2 |       ||     2
       Distracted        |       |       |       |       |       |       |       |     1 |     2 ||     3
  Eat: Ration            |       |       |     4 |     7 |     9 |    16 |    10 |    19 |     4 ||    69
Armor: Robe              |       |     2 |     7 |     2 |       |     8 |     9 |    53 |    35 ||   116
       Troll leather arm |       |       |       |     7 |    34 |    10 |       |       |       ||    51
Dodge: Dodged            |    23 |    25 |    78 |   158 |   369 |   265 |   200 |   712 |   326 ||  2156
       Deflected         |       |       |       |       |       |    22 |    32 |    34 |    42 ||   130
Block: Buckler           |       |       |       |       |   174 |   201 |   179 |   442 |   112 ||  1108
       Reflection        |       |       |       |       |    28 |    66 |    65 |    30 |       ||   189
       Rpst.: Demon blade |       |       |       |       |       |       |       |    88 |    22 ||   110
